| TOP OF THE 1ST |
|
Eugene Emeralds batting - Pitching for Phoenix Giants : RHP Hal Dues
|
|
Pitching: RHP Hal Dues
|
|
|
Batting: LHB James Peters
|
0-0: Ball 1-0: Fly out, F9 (Flyball, 89D, EV 97.5 MPH)
|
|
Batting: LHB Ty Gainey
|
0-0: Called Strike 0-1: Ground out U3 (Groundball, 34, EV 83.1 MPH)
|
|
Batting: RHB Tim Wallach
|
0-0: Ball 1-0: SINGLE (Flyball, 78S, EV 87.5 MPH)
|
|
Batting: LHB Randy Bush
|
0-0: Called Strike 0-1: Called Strike 0-2: Fly out, F7 (Flyball, 7LS, EV 89.4 MPH)
|
| Top of the 1st over - 0 runs, 1 hit, 0 errors, 1 left on base; Eugene 0 - Phoenix 0 |
| BOTTOM OF THE 1ST |
|
Phoenix Giants batting - Pitching for Eugene Emeralds : RHP George Frazier
|
|
Pitching: RHP George Frazier
|
|
|
Batting: LHB Raymond Rivas
|
0-0: Swinging Strike 0-1: Ball 1-1: Ball 2-1: Foul Ball, location: 2F 2-2: DOUBLE (Groundball, 5L, EV 95.6 MPH)
|
|
Batting: LHB Bobby V Mitchell
|
0-0: Ball 1-0: Called Strike 1-1: DOUBLE (Line Drive, 7LD, EV 113.1 MPH) Raymond Rivas scores
|
|
Batting: LHB Ernie Riles
|
0-0: Ball 1-0: Fly out, F9 (Flyball, 9LM, EV 97.5 MPH)
|
|
Batting: RHB Paul Zuvella
|
0-0: Ground out 4-3 (Groundball, 4, EV 83.8 MPH) Bobby V Mitchell to third
|
|
Batting: LHB Joseph Bruno
|
0-0: Called Strike 0-1: Ball 1-1: Ground out 1-3 (Groundball, P, EV 66.9 MPH)
|
| Bottom of the 1st over - 1 run, 2 hits, 0 errors, 1 left on base; Eugene 0 - Phoenix 1 |
| TOP OF THE 2ND |
|
Eugene Emeralds batting - Pitching for Phoenix Giants : RHP Hal Dues
|
|
Batting: RHB Derrell Baker
|
0-0: Ball 1-0: Called Strike 1-1: Swinging Strike 1-2: Ball 2-2: Ball 3-2: Fly out, F8 (Flyball, 8RS, EV 71.9 MPH)
|
|
Batting: LHB Clay Hill
|
0-0: Swinging Strike 0-1: Swinging Strike 0-2: Strikes out swinging
|
|
Batting: LHB Terry Lee
|
0-0: Called Strike 0-1: Called Strike 0-2: Ball 1-2: Ball 2-2: Foul Ball, location: 2F 2-2: Ball 3-2: Foul Ball, location: 2F 3-2: Ground out 6-3 (Groundball, 6, EV 85.6 MPH)
|
| Top of the 2nd over - 0 runs, 0 hits, 0 errors, 0 left on base; Eugene 0 - Phoenix 1 |
| BOTTOM OF THE 2ND |
|
Phoenix Giants batting - Pitching for Eugene Emeralds : RHP George Frazier
|
|
Batting: LHB Mike Reynolds
|
0-0: Ball 1-0: Called Strike 1-1: Fly out, F8 (Flyball, 78M, EV 86.3 MPH)
|
|
Batting: RHB Adam Veldman
|
0-0: Ground out 5-3 (Groundball, 25, EV 85.6 MPH)
|
|
Batting: SHB Razor Shines
|
0-0: Called Strike 0-1: Ground out U3 (Groundball, 3, EV 85.0 MPH)
|
| Bottom of the 2nd over - 0 runs, 0 hits, 0 errors, 0 left on base; Eugene 0 - Phoenix 1 |
| TOP OF THE 3RD |
|
Eugene Emeralds batting - Pitching for Phoenix Giants : RHP Hal Dues
|
|
Batting: LHB Ron Harrison
|
0-0: Ball 1-0: SINGLE (Groundball, 34S, EV 66.3 MPH) (infield hit)
|
|
Batting: LHB Richard Rickman
|
0-0: Called Strike 0-1: Ball 1-1: Swinging Strike 1-2: Foul Ball, location: 2F 1-2: Ball 2-2: Ball 3-2: Foul Ball, location: 2F 3-2: Fly out, F6 (Line Drive, 6, EV 65.0 MPH)
|
|
Batting: LHB James Peters
|
0-0: Ball 1-0: Called Strike 1-1: Called Strike 1-2: Foul Ball, location: 2F 1-2: Fly out, F7 (Line Drive, 7, EV 86.9 MPH)
|
|
Batting: LHB Ty Gainey
|
0-0: Ball 1-0: Ball 2-0: Called Strike 2-1: Ball Ron Harrison steals 2nd base 3-1: Ground out 4-3 (Groundball, 4S, EV 90.0 MPH)
|
| Top of the 3rd over - 0 runs, 1 hit, 0 errors, 1 left on base; Eugene 0 - Phoenix 1 |
| BOTTOM OF THE 3RD |
|
Phoenix Giants batting - Pitching for Eugene Emeralds : RHP George Frazier
|
|
Batting: LHB Frank Gill
|
0-0: Ball 1-0: Ground out 3-1 (Groundball, 23, EV 81.9 MPH)
|
|
Batting: LHB Raymond Rivas
|
0-0: Foul Ball, location: 2F 0-1: Ball 1-1: Foul Ball, location: 2F 1-2: SINGLE (Line Drive, 4M, EV 95.6 MPH)
|
|
Batting: LHB Bobby V Mitchell
|
0-0: Ball 1-0: TRIPLE (Line Drive, 8RXD, EV 105.6 MPH) Raymond Rivas scores
|
|
Batting: LHB Ernie Riles
|
0-0: Ball 1-0: Ball 2-0: Ball 3-0: Called Strike 3-1: Base on Balls
|
|
Batting: RHB Paul Zuvella
|
0-0: Ball 1-0: Ball Ernie Riles steals 2nd base 2-0: SINGLE (Groundball, 4, EV 95.6 MPH) Bobby V Mitchell scores Ernie Riles to third Runner from 3rd tries for Home, SAFE, throw by RF to home
|
|
Batting: LHB Joseph Bruno
|
0-0: Ball 1-0: Foul Ball, location: 2F 1-1: Swinging Strike 1-2: Ball 2-2: SINGLE (Groundball, 4MS, EV 73.1 MPH) (infield hit) Paul Zuvella to second
|
|
Batting: LHB Mike Reynolds
|
0-0: Fielders Choice at 2nd, 6-4 (Groundball, 6, EV 79.4 MPH) Paul Zuvella to third
|
|
Batting: RHB Adam Veldman
|
0-0: SINGLE (Groundball, 15S, EV 70.6 MPH) (infield hit) Paul Zuvella scores Mike Reynolds to second
|
|
Batting: SHB Razor Shines
|
0-0: Ball 1-0: Fly out, F6 (Flyball, 56D, EV 90.0 MPH)
|
| Bottom of the 3rd over - 4 runs, 5 hits, 0 errors, 2 left on base; Eugene 0 - Phoenix 5 |
| TOP OF THE 4TH |
|
Eugene Emeralds batting - Pitching for Phoenix Giants : RHP Hal Dues
|
|
Batting: RHB Tim Wallach
|
0-0: Ground out 5-3 (Groundball, 56S, EV 66.9 MPH)
|
|
Batting: LHB Randy Bush
|
0-0: Called Strike 0-1: Fly out, F6 (Flyball, 56D, EV 81.9 MPH)
|
|
Batting: RHB Derrell Baker
|
0-0: Foul Ball, location: 2F 0-1: Swinging Strike 0-2: Ball 1-2: SINGLE (Line Drive, 34D, EV 98.8 MPH)
|
|
Batting: LHB Clay Hill
|
0-0: Foul Ball, location: 2F 0-1: Swinging Strike 0-2: Ball 1-2: Strikes out looking
|
| Top of the 4th over - 0 runs, 1 hit, 0 errors, 1 left on base; Eugene 0 - Phoenix 5 |
| BOTTOM OF THE 4TH |
|
Phoenix Giants batting - Pitching for Eugene Emeralds : RHP George Frazier
|
|
Batting: LHB Frank Gill
|
0-0: Ground out U3 (Groundball, 3S, EV 76.3 MPH)
|
|
Batting: LHB Raymond Rivas
|
0-0: Called Strike 0-1: Ball 1-1: Reached via error on a dropped throw from 1B, E1 (Groundball, 34S, EV 82.5 MPH)
|
|
Batting: LHB Bobby V Mitchell
|
Pickoff Throw to First - Error! E1 Raymond Rivas to second 0-0: Called Strike 0-1: Ball 1-1: Ground out 4-3 (Groundball, 4, EV 107.5 MPH) Raymond Rivas to third
|
|
Batting: LHB Ernie Riles
|
0-0: Swinging Strike 0-1: Ball 1-1: Foul Ball, location: 2F 1-2: Ball 2-2: SINGLE (Groundball, 6S, EV 69.4 MPH) (infield hit) Raymond Rivas scores
|
|
Batting: RHB Paul Zuvella
|
0-0: Ball 1-0: Called Strike 1-1: Called Strike 1-2: Strikes out looking
|
| Bottom of the 4th over - 1 run, 1 hit, 2 errors, 1 left on base; Eugene 0 - Phoenix 6 |
| TOP OF THE 5TH |
|
Eugene Emeralds batting - Pitching for Phoenix Giants : RHP Hal Dues
|
|
Batting: LHB Terry Lee
|
0-0: SINGLE (Groundball, 34D, EV 104.4 MPH)
|
|
Batting: LHB Ron Harrison
|
0-0: Foul Ball, location: 2F 0-1: Ball 1-1: Called Strike 1-2: Fly out, F6 (Popup, 15, EV 87.5 MPH)
|
|
Batting: LHB Richard Rickman
|
0-0: Ball 1-0: Called Strike 1-1: SINGLE (Groundball, 4M, EV 101.3 MPH) (infield hit) Terry Lee to second
|
|
Batting: LHB James Peters
|
0-0: Called Strike 0-1: Ball 1-1: Called Strike 1-2: Ball 2-2: Strikes out swinging
|
|
Batting: LHB Ty Gainey
|
0-0: Foul Ball, location: 2F 0-1: Swinging Strike 0-2: Ball 1-2: Ball 2-2: Foul Ball, location: 2F 2-2: Ball 3-2: SINGLE (Groundball, 4MD, EV 106.9 MPH) Terry Lee to third Richard Rickman to second Terry Lee scores Richard Rickman to third
|
|
Batting: RHB Tim Wallach
|
0-0: Foul Ball, location: 2F 0-1: Ball 1-1: Ball 2-1: SINGLE (Groundball, 6D, EV 95.6 MPH) Richard Rickman scores Ty Gainey to second
|
|
Batting: LHB Randy Bush
|
0-0: Single, Error in OF, E9, batter to second base (Line Drive, 9LM, EV 111.9 MPH) Ty Gainey scores Tim Wallach to third
|
|
Batting: RHB Derrell Baker
|
0-0: Ball 1-0: Foul Ball, location: 2F 1-1: Foul Ball, location: 2F 1-2: Foul Ball, location: 2F 1-2: Fly out, F2 (Popup, 3SF, EV 71.3 MPH)
|
| Top of the 5th over - 3 runs, 5 hits, 1 error, 2 left on base; Eugene 3 - Phoenix 6 |
| BOTTOM OF THE 5TH |
|
Phoenix Giants batting - Pitching for Eugene Emeralds : RHP George Frazier
|
|
Batting: LHB Joseph Bruno
|
0-0: Ball 1-0: Ground out 3-1 (Groundball, 34, EV 103.8 MPH)
|
|
Batting: LHB Mike Reynolds
|
0-0: Foul Ball, location: 2F 0-1: Foul Ball, location: 2F 0-2: Ball 1-2: Ball 2-2: Ball 3-2: Ground out 4-3 (Groundball, 4M, EV 105.6 MPH)
|
|
Batting: RHB Adam Veldman
|
0-0: Called Strike 0-1: Ball 1-1: Ground out 6-3 (Groundball, 6, EV 78.8 MPH)
|
| Bottom of the 5th over - 0 runs, 0 hits, 0 errors, 0 left on base; Eugene 3 - Phoenix 6 |
| TOP OF THE 6TH |
|
Eugene Emeralds batting - Pitching for Phoenix Giants : RHP Hal Dues
|
|
Batting: LHB Clay Hill
|
0-0: Ball 1-0: Fly out, F5 (Popup, 5F, EV 65.6 MPH)
|
|
Batting: LHB Terry Lee
|
0-0: Called Strike 0-1: Ball 1-1: Swinging Strike 1-2: Strikes out looking
|
|
Batting: LHB Ron Harrison
|
0-0: Called Strike 0-1: Ball 1-1: Ground out 4-3 (Groundball, 4, EV 81.9 MPH)
|
| Top of the 6th over - 0 runs, 0 hits, 0 errors, 0 left on base; Eugene 3 - Phoenix 6 |
| BOTTOM OF THE 6TH |
|
Phoenix Giants batting - Pitching for Eugene Emeralds : RHP George Frazier
|
|
Pitching: RHP Buzz Capra
|
|
|
Batting: SHB Razor Shines
|
0-0: Called Strike 0-1: Ground out 4-3 (Groundball, 4, EV 92.5 MPH)
|
|
Batting: LHB Frank Gill
|
0-0: Ball 1-0: Foul Ball, location: 2F 1-1: Foul Ball, location: 2F 1-2: Ground out 4-3 (Groundball, 4, EV 90.6 MPH)
|
|
Batting: LHB Raymond Rivas
|
0-0: Fly out, F1 (Line Drive, P, EV 63.1 MPH)
|
| Bottom of the 6th over - 0 runs, 0 hits, 0 errors, 0 left on base; Eugene 3 - Phoenix 6 |
| TOP OF THE 7TH |
|
Eugene Emeralds batting - Pitching for Phoenix Giants : RHP Hal Dues
|
|
Batting: LHB Richard Rickman
|
0-0: Ball 1-0: Foul Ball, location: 2F 1-1: Swinging Strike 1-2: Ball 2-2: Ground out 6-3 (Groundball, 6, EV 86.3 MPH)
|
|
Pitching: RHP John Littlefield
|
|
|
Batting: LHB James Peters
|
0-0: Fly out, F1 (Line Drive, P, EV 60.6 MPH)
|
|
Batting: LHB Ty Gainey
|
0-0: Foul Ball, location: 2F 0-1: Ground out U3 (Groundball, 34, EV 85.0 MPH)
|
| Top of the 7th over - 0 runs, 0 hits, 0 errors, 0 left on base; Eugene 3 - Phoenix 6 |
| BOTTOM OF THE 7TH |
|
Phoenix Giants batting - Pitching for Eugene Emeralds : RHP Buzz Capra
|
|
Batting: LHB Bobby V Mitchell
|
0-0: Foul Ball, location: 2F 0-1: Ground out 4-3 (Groundball, 4, EV 85.0 MPH)
|
|
Batting: LHB Ernie Riles
|
0-0: Called Strike 0-1: Fly out, F3 (Line Drive, 3, EV 55.0 MPH)
|
|
Batting: RHB Paul Zuvella
|
0-0: Ball 1-0: Ball 2-0: Called Strike 2-1: Called Strike 2-2: Ball 3-2: Ground out 5-3 (Groundball, 56S, EV 85.6 MPH)
|
| Bottom of the 7th over - 0 runs, 0 hits, 0 errors, 0 left on base; Eugene 3 - Phoenix 6 |
| TOP OF THE 8TH |
|
Eugene Emeralds batting - Pitching for Phoenix Giants : RHP John Littlefield
|
|
Batting: RHB Tim Wallach
|
0-0: Called Strike 0-1: Swinging Strike 0-2: Ground out 5-3 (Groundball, 56, EV 89.4 MPH)
|
|
Batting: LHB Randy Bush
|
0-0: Ball 1-0: Ball 2-0: Ball 3-0: Called Strike 3-1: SINGLE (Line Drive, 8RS, EV 97.5 MPH)
|
|
Batting: RHB Derrell Baker
|
0-0: Foul Ball, location: 2F 0-1: Foul Ball, location: 2F 0-2: Fielders Choice at 2nd, 6-4 (Groundball, 6, EV 88.1 MPH)
|
|
Batting: LHB Clay Hill
|
0-0: Ball 1-0: Ball 2-0: Ball 3-0: Called Strike 3-1: DOUBLE (Line Drive, 7LD, EV 113.1 MPH) Derrell Baker to third Runner from 3rd tries for Home, SAFE, throw by LF to home
|
|
Batting: LHB Terry Lee
|
0-0: Ball 1-0: Ball 2-0: Ball 3-0: Called Strike 3-1: Base on Balls
|
|
Batting: LHB Alfredo Edmead
|
0-0: Foul Ball, location: 2F 0-1: Fielders Choice at 2nd, 5-4 (Groundball, 5, EV 78.8 MPH)
|
| Top of the 8th over - 1 run, 2 hits, 0 errors, 2 left on base; Eugene 4 - Phoenix 6 |
| BOTTOM OF THE 8TH |
|
Phoenix Giants batting - Pitching for Eugene Emeralds : RHP Buzz Capra
|
|
Batting: LHB Joseph Bruno
|
0-0: Fly out, F8 (Flyball, 8RM, EV 86.9 MPH)
|
|
Batting: LHB Mike Reynolds
|
0-0: Foul Ball, location: 2F 0-1: Ball 1-1: Fly out, F7 (Line Drive, 7, EV 103.8 MPH)
|
|
Batting: RHB Adam Veldman
|
0-0: Swinging Strike 0-1: Ball 1-1: Ball 2-1: Foul Ball, location: 2F 2-2: Foul Ball, location: 2F 2-2: Strikes out swinging
|
| Bottom of the 8th over - 0 runs, 0 hits, 0 errors, 0 left on base; Eugene 4 - Phoenix 6 |
| TOP OF THE 9TH |
|
Eugene Emeralds batting - Pitching for Phoenix Giants : RHP John Littlefield
|
|
Pitching: RHP Charles Davis
|
|
|
Batting: LHB Richard Rickman
|
0-0: Called Strike 0-1: Foul Ball, location: 2F 0-2: Ball 1-2: Foul Ball, location: 2F 1-2: Strikes out swinging
|
|
Batting: LHB James Peters
|
0-0: Ball 1-0: Foul Ball, location: 2F 1-1: Foul Ball, location: 2F 1-2: Strikes out looking
|
|
Batting: LHB Ty Gainey
|
0-0: Ball 1-0: Foul Ball, location: 2F 1-1: Ball 2-1: Ball 3-1: Fly out, F8 (Line Drive, 8LD, EV 90.6 MPH)
|
| Top of the 9th over - 0 runs, 0 hits, 0 errors, 0 left on base; Eugene 4 - Phoenix 6 |
|